 Dungeon Crawl Stone Soup version 0.28-a0-991-g956f0ee3d5 (webtiles) character file.

Game seed: 4184174184068911872

126 voltaire321 the Digger (level 5, -1/33 HPs)
             Began as an Octopode Earth Elementalist on Dec 5, 2021.
             Succumbed to a scorpion's poison
             ... on level 4 of the Dungeon.
             The game lasted 00:06:49 (3714 turns).

voltaire321 the Digger (OpEE)                       Turns: 3714, Time: 00:06:49

Health: -1/33      AC:  1    Str:  7    XL:     5   Next: 10%
Magic:  6/8        EV: 13    Int: 18    God:
Gold:   139        SH:  0    Dex: 14    Spells: 3/9 levels left

rFire   . . .      SeeInvis .   c - +0 dagger
rCold   . . .      Faith    .   (no shield)
rNeg    . . .      Spirit   .   (helmet restricted)
rPois   .          Reflect  .   j - amulet of the acrobat
rElec   .          Harm     .   (no ring)
rCorr   .          Rampage  .   (no ring)
Will    .....                   (no ring)
Stlth   +++.......              (no ring)
HPRegen 0.11/turn               (no ring)
MPRegen 0.11/turn               (no ring)
                                (no ring)
                                (no ring)

@: lethally poisoned (-1 -> -10)
A: almost no armour, amphibious, 8 rings, camouflage 1, gelatinous body 1,
(nimble swimmer 1), tentacles
a: no special abilities


You were on level 4 of the Dungeon.
You visited 1 branch of the dungeon, and saw 4 of its levels.

You collected 139 gold pieces.

Inventory:

Hand Weapons
 c - a +0 dagger (weapon)
Missiles
 b - 14 stones
 d - 14 poisoned darts
Jewellery
 j - an amulet of the acrobat (around mantle)
Potions
 i - a potion of mutation


   Skills:
 + Level 1.4 Fighting
 + Level 2.7 Dodging
 - Level 2.6 Stealth
 + Level 1.5 Unarmed Combat
 + Level 2.6 Spellcasting
 + Level 2.0 Transmutations
 + Level 3.5 Earth Magic


You had 3 spell levels left.
You knew the following spells:

 Your Spells              Type           Power      Damage    Failure   Level
a - Sandblast             Erth           30%        2d9       3%          1
b - Passwall              Tmut/Erth      10%        N/A       9%          2
c - Stone Arrow           Conj/Erth      16%        3d8       24%         3

Your spell library contained the following spells:

 Spells                   Type           Power      Damage    Failure   Level
 Petrify                  Tmut/Erth      12%        N/A       47%         4
 Fireball                 Conj/Fire      1%         3d3       99%         5
 Iskenderun's Battlesphe  Conj           2%         2d6       99%         5
 Conjure Ball Lightning   Conj/Air       1%         3x3d6     100%        6
 Orb of Destruction       Conj           1%         N/A       100%        7


Dungeon Overview and Level Annotations

Branches:
Dungeon (4/15)
 Temple: D:4-7

Altars:


Innate Abilities, Weirdness & Mutations

You cannot wear most types of armour.
You are amphibious.
You can wear up to eight rings at the same time.
Your skin changes colour to match your surroundings (Stealth+).
Your rubbery body absorbs attacks. (AC +1, EV +1)
((You are camouflaged near water. (Stealth+)))
You have tentacles for arms and can constrict up to eight enemies at once.


Message History

The scorpion is lightly wounded.
You constrict the scorpion, but do no damage.
The scorpion stings you. The scorpion misses you.
You hit the scorpion but do no damage.
The scorpion is lightly wounded.
You constrict the scorpion. The scorpion closely misses you.
You hit the scorpion but do no damage.
The scorpion is lightly wounded.
You constrict the scorpion. The scorpion stings you!
You are poisoned.
The scorpion poisons you!
Casting: Sandblast (safe; 3% risk of failure)
Confirm with . or Enter, or press ? or * to list all spells.
Aiming: Sandblast (safe; 3% risk of failure)
Press: ? - help, Shift-Dir - straight line, f/p - scorpion
Aim: a scorpion (moderately wounded, constricted by you, 100% to hit)
The blast of sand hits the scorpion but does no damage.
The scorpion is moderately wounded.
You constrict the scorpion, but do no damage.
You feel sick. The scorpion stings you.
You hit the scorpion but do no damage.
The scorpion is moderately wounded.
You constrict the scorpion.
You feel sick. The scorpion closely misses you.
You hit the scorpion.
The scorpion is heavily wounded.
You constrict the scorpion.
You feel sick. The scorpion stings you!
* * * LOW HITPOINT WARNING * * *
You are lethally poisoned!
The scorpion poisons you! The scorpion stings you.
* * * LOW HITPOINT WARNING * * *
You barely miss the scorpion.
The scorpion is severely wounded.
You constrict the scorpion.
* * * LOW HITPOINT WARNING * * *
You feel sick. The scorpion barely misses you.
Okay, then.
You hit the scorpion but do no damage.
The scorpion is severely wounded.
You constrict the scorpion.
You die...

### ..#
#.# #.#
#.# #.#
#s# ##@##
###...#
#....<#
+..###..#
## #..#
#.## .##
.# .


You could see a scorpion.

Vanquished Creatures
  A howler monkey zombie (D:2)
  3 gnolls
  2 adders (D:3)
  An adder zombie (D:2)
  A worm (D:3)
  A dart slug (D:1)
  An orc (D:3)
  8 ball pythons
  2 bats
  5 endoplasms
  A giant cockroach (D:2)
  4 goblins
  9 hobgoblins
  4 jackals (D:1)
  3 kobolds
  A quokka (D:2)
  A ball python skeleton (D:2)
  A ball python zombie (D:2)
  2 frilled lizards
  2 giant cockroach zombies (D:2)
  A quokka skeleton (D:2)
  2 rats (D:3)
56 creatures vanquished.

Notes
Turn   | Place    | Note
-------+----------+-------------------------------------------
     0 | D:1      | voltaire321 the Octopode Earth Elementalist began the quest
                  | for the Orb.
     0 | D:1      | Reached XP level 1. HP: 11/11 MP: 3/3
   155 | D:1      | Reached XP level 2. HP: 7/18 MP: 1/5
   472 | D:1      | Learned a level 2 spell: Passwall
   838 | D:1      | Found a faded altar of an unknown god.
   879 | D:1      | Reached XP level 3. HP: 20/22 MP: 6/6
  1451 | D:2      | Reached skill level 1 in Fighting
  1854 | D:2      | Reached skill level 1 in Unarmed Combat
  1909 | D:2      | Reached XP level 4. HP: 26/28 MP: 7/7
  2903 | D:2      | Learned a level 3 spell: Stone Arrow
  3287 | D:3      | Reached XP level 5. HP: 22/33 MP: 8/8
  3713 | D:4      | HP: 1/33 [poisoned by a scorpion]
  3714 | D:4      | Succumbed to a scorpion's poison

Illustrated notes

Levels and vault maps discovered:
D:1:      minmay_arrival_doors, layout_loops_ring,
          shapermc_ecumenical_altar_mp_vishouse
D:2:      layout_loops_corners, serial_undead, serial_undead_d, serial_undead_a,
          serial_undead_f, serial_undead_b
D:3:      layout_rooms, wander_ebering_terrifying_dragon_lair
D:4:      layout_loops_corners, minmay_fire_ice_demons, uniq_edmund

Skill      XL: |  1  2  3  4 |
---------------+-------------+-----
Fighting       | 1 |  1.4
Unarmed Combat | 1 |  1.5
Transmutations | 2 |  2.0
Dodging        | |  2.7
Stealth        | |  2.6
Spellcasting   | |  2.6
Earth Magic    | |  3.5

Action                   |  1- 3 |  4- 6 || total
-------------------------+-------+-------++-------
Melee: Unarmed           |     4 |       ||     4
       Constrict         |    17 |    16 ||    33
       Dagger            |    67 |    61 ||   128
       Tentacles         |    16 |     8 ||    24
       Punch             |       |     1 ||     1
 Cast: Sandblast         |    13 |    15 ||    28
  Use: Scroll            |       |     5 ||     5
 Stab: Sleeping          |     7 |     4 ||    11
Armor: Skin              |     3 |     7 ||    10
Dodge: Dodged            |    40 |    46 ||    86

Table legend: (Time is in decaauts)
 A = Elapsed time spent in this place.
 B = Non-inter-level travel time spent in this place.
 C = Inter-level travel time spent in this place.
 D = Time resting spent in this place.
 E = Time spent auto-exploring this place.
 F = Levels seen in this place.
 G = Mean time per level.
                   A        B        C        D        E       F      G
               +--------+--------+--------+--------+--------+-----+--------+
         Total |   3716 |   3596 |    120 |    995 |   2010 |   4 |  929.0 |
       Dungeon |   3716 |   3596 |    120 |    995 |   2010 |   4 |  929.0 |
               +--------+--------+--------+--------+--------+-----+--------+

Top non-repeatable levels by time:
     D:2: 1472 daAuts
     D:1: 1265 daAuts
     D:3: 958 daAuts
     D:4: 20 daAuts
